Map: Orbital Shipyard

Players

Jombozeus - Winner!

  • Race: Terran Terran
  • League: Grandmaster

VOD

Have the link to the VOD?

Description

Time

  • Played on: Sept. 14, 2015, 12:33 p.m.
  • Length: 5:29
Show
View Real Time Build Order
Export as new Build Order

Jombozeus Terran - Winner!

Build Orders:  

Get SALT Encoding   

  12  0:02  SCV  
  12  0:14  SCV  
  12  0:18  Supply Depot  
  12  0:26  SCV  
  12  0:39  SCV  
  12  0:56  Command Center  
  12  0:59  SCV  
  12  1:09  Barracks  
  12  1:12  SCV  
  12  1:23  Barracks  
  12  1:28  SCV  
  12  1:33  Refinery  
  12  1:40  SCV  
  12  1:52  SCV  
  12  1:58  Marine  
  12  2:04  Orbital Command  
  12  2:07  Orbital Command  
  12  2:10  Barracks Tech Lab  
  12  2:16  Marine  
  12  2:29  Marauder  
  12  2:36  Barracks Reactor, Bunker  
  12  2:38  SCV  
  12  2:39  Supply Depot, SCV  
  12  2:50  SCV, Barracks  
  12  2:52  Marauder  
  12  2:55  SCV  
  12  3:02  Refinery  
  12  3:05  SCV  
  12  3:08  SCV  
  12  3:12  Marine x2  
  12  3:17  SCV, Marauder  
  12  3:25  SCV  
  12  3:30  Marine x2  
  12  3:32  SCV  
  12  3:36  Command Center  
  12  3:41  Supply Depot  
  12  3:46  Marauder  
  12  3:48  SCV  
  12  3:50  SCV  
  12  3:57  Barracks Tech Lab, Marine  
  12  3:59  Marine  
  12  4:00  SCV  
  12  4:04  SCV  
  12  4:09  Marauder  
  12  4:11  Factory  
  12  4:12  SCV  
  12  4:15  Marine  
  12  4:17  Marine  
  12  4:18  SCV  
  12  4:19  Marauder  
  12  4:24  Supply Depot  
  12  4:29  SCV, Engineering Bay  
  12  4:30  SCV  
  12  4:35  Refinery x2  
  12  4:38  Marine x2  
  12  4:45  SCV, Marine  
  12  4:48  Supply Depot, SCV  
  12  4:51  Orbital Command  
  12  4:56  Starport  
  12  4:58  Factory Reactor  
  12  5:01  Marine  
  12  5:03  Marine  
  12  5:05  Marine x2  
  12  5:07  SCV  
  12  5:09  SCV  
Tags
 
Add a new tag
Caveats
  • Supply blocks, unpowered buildings, or Contaminate may cause inaccurate times.
  • Supply counts are checked every 10 seconds.